 Dungeon Sprint DCSS version 0.30.1-11-g7821555f0a (webtiles) character file.

Game seed: 10921181909713184505

130 Groucho the Geomancer (level 4, -2/24 HPs)
             Began as a Deep Elf Earth Elementalist on Jan 17, 2024.
             Was an Initiate of Sif Muna.
             Slain by a wyvern (12 damage)
             ... in the Dungeon (Sprint IX: "|||||||||||||||||||||||||||||").
             The game lasted 00:01:18 (637 turns).

Groucho the Geomancer (Deep Elf Earth Elementalist)  Turns: 637, Time: 00:01:19

Health: -2/24      AC:  2    Str:  5    XL:     4   Next: 89%
Magic:  15/15      EV: 14    Int: 25    God:    Sif Muna [......]
Gold:   0          SH:  0    Dex: 15    Spells: 9/17 levels left

rFire   . . .        j - +2 rapier (venom)
rCold   . . .        (no shield)
rNeg    . . .        a - +0 robe
rPois   .            (no helmet)
rElec   .            (no cloak)
rCorr   .            (no gloves)
SInv    .            (no boots)
Will    .....        (no amulet)
Stlth   ++           m - +3 ring of intelligence
HPRegen 0.24/turn    n - +2 ring of evasion
MPRegen 0.14/turn

%: no teleportation
@: invisible
A: no striking features
a: Renounce Religion


You were in the Dungeon.
You worshipped Sif Muna.
Sif Muna was noncommittal.
You visited 1 branch

Inventory:

Hand Weapons
 j - a +2 rapier of venom (weapon)
Armour
 a - a +0 robe (worn)
 k - a +0 pair of gloves
 l - a +0 helmet
Jewellery
 m - a +3 ring of intelligence (left hand)
 n - a +2 ring of evasion (right hand)
Wands
 i - a wand of roots (10)
Scrolls
 g - 2 scrolls of blinking
 h - 2 scrolls of amnesia
Potions
 b - 4 potions of magic
 c - 5 potions of curing
 d - 2 potions of heal wounds
 f - a potion of berserk rage


   Skills:
 + Level 0.0 Fighting
 + Level 0.0 Short Blades
 - Level 2.4 Dodging
 + Level 2.4 Stealth
 + Level 7.0 Spellcasting
 + Level 5.1 Conjurations
 + Level 1.1 Transmutations
 + Level 8.3 Earth Magic
 + Level 0.0 Invocations


You had 9 spell levels left.
You knew the following spells:

 Your Spells              Type           Power      Damage    Failure   Level
a - Sandblast             Erth           100%       2d20      1%          1
b - Stone Arrow           Conj/Erth      84%        3d12      1%          3
c - Petrify               Tmut/Erth      32%        N/A       10%         4

Your spell library contained the following spells:

 Spells                   Type           Power      Damage    Failure   Level
 Passwall                 Tmut/Erth      26%        N/A       1%          2


Dungeon Overview and Level Annotations

Branches:
Dungeon (1/1)

Altars:
Cheibriados
Dithmenos
Elyvilon
Fedhas
Gozag
Hepliaklqana
Kikubaaqudgha
Makhleb
Nemelex Xobeh
Okawaru
Qazlal
Ru
Sif Muna
Trog
Uskayaw
Vehumet
Wu Jian
Xom
Yredelemnul
Zin
The Shining One
Jiyva
Lugonu


Message History

The two-headed ogre shouts in stereo!
The centaur shouts!
The yak bellows!
The wyvern hisses angrily.
The kobold demonologist shouts!
The steam dragon hisses angrily.
You hit the wyvern.
The wyvern is poisoned.
The wyvern is lightly wounded.
The wyvern bites you!
Ouch! That really hurt!
* * * LOW HITPOINT WARNING * * *
You feel much better. The wyvern barely misses you.
The wyvern completely misses you.
Unknown command.
You completely miss the wyvern.
The wyvern is moderately wounded.
The yak bellows!
The wyvern completely misses you.
The kobold demonologist gestures wildly while chanting.
You closely miss the wyvern.
The wyvern is moderately wounded.
The yak bellows!
The wyvern closely misses you.
The kobold demonologist looks encouraged for a moment.
You hit the wyvern but do no damage.
The wyvern looks even sicker.
The wyvern is moderately wounded.
The wyvern barely misses you. The wyvern bites you.
You hit the wyvern.
The wyvern is heavily wounded.
The steam dragon hisses angrily.
The wyvern barely misses you. The wyvern bites you!
Unknown command.
Unknown command.
You closely miss the wyvern.
The wyvern is severely wounded.
The wyvern completely misses you. The wyvern misses you.
The yak bellows!
You hit the wyvern.
The wyvern looks as sick as possible!
The wyvern is severely wounded.
The yak bellows!
The wyvern closely misses you. The wyvern bites you!
Ouch! That really hurt!
You die... ▓▓▓▓▓▓▓▓▓▓▓▓▓▓▓▓▓▓▓▓▓▓▓▓ _______'..)...[.@lYOK5Dc ▓▓▓▓▓▓▓▓▓▓▓▓▓▓▓▓▓▓▓▓▓▓▓▓

You could see a two-headed ogre (unable to see you), a kobold demonologist (unable to see you), a yak (wandering, unable to see you), a steam dragon (wandering, unable to see you), a wyvern (unable to see you, extremely poisoned), a centaur (unable to see you) and an ufetubus (summoned, unable to see you).

Vanquished Creatures
  A phantom (D)
  An iguana (D)
  2 adders (D)
  An orc (D)
  A hobgoblin (D)
  2 ball pythons (D)
  2 bats (D)
10 creatures vanquished.

Notes
Turn   | Place    | Note
-------+----------+-------------------------------------------
     0 | D        | Groucho the Deep Elf Earth Elementalist began the quest for
                  | the Orb.
     0 | D        | Reached XP level 1. HP: 10/10 MP: 6/6
     9 | D        | Reached skill level 1 in Conjurations
    10 | D        | Reached skill level 4 in Earth Magic
   174 | D        | Noticed a phantom
   174 | D        | Noticed an iguana
   177 | D        | Reached skill level 5 in Earth Magic
   177 | D        | Reached XP level 2. HP: 15/15 MP: 6/9
   180 | D        | Killed a phantom
   181 | D        | Reached skill level 7 in Earth Magic
   181 | D        | Reached XP level 3. HP: 13/19 MP: 2/12
   181 | D        | Reached XP level 4. HP: 17/24 MP: 2/14
   183 | D        | Reached skill level 8 in Earth Magic
   186 | D        | Reached skill level 5 in Conjurations
   569 | D        | Learned a level 3 spell: Stone Arrow
   574 | D        | Learned a level 4 spell: Petrify
   579 | D        | Found a snail-covered altar of Cheibriados.
   579 | D        | Found a shadowy altar of Dithmenos.
   579 | D        | Found a white marble altar of Elyvilon.
   579 | D        | Found a blossoming altar of Fedhas.
   579 | D        | Found an opulent altar of Gozag.
   580 | D        | Found a hazy altar of Hepliaklqana.
   581 | D        | Found a viscous altar of Jiyva.
   582 | D        | Found an ancient bone altar of Kikubaaqudgha.
   583 | D        | Found a corrupted altar of Lugonu.
   584 | D        | Found a burning altar of Makhleb.
   585 | D        | Found a sparkling altar of Nemelex Xobeh.
   586 | D        | Found an iron altar of Okawaru.
   587 | D        | Found a stormy altar of Qazlal.
   588 | D        | Found a sacrificial altar of Ru.
   589 | D        | Found a shimmering blue altar of Sif Muna.
   590 | D        | Found a bloodstained altar of Trog.
   591 | D        | Found a hide-covered altar of Uskayaw.
   592 | D        | Found a radiant altar of Vehumet.
   593 | D        | Found an ornate altar of the Wu Jian Council.
   594 | D        | Found a shimmering altar of Xom.
   595 | D        | Found a basalt altar of Yredelemnul.
   596 | D        | Found a glowing silver altar of Zin.
   597 | D        | Became a worshipper of Sif Muna the Loreminder
   598 | D        | Found a glowing golden altar of the Shining One.
   629 | D        | Noticed a wyvern
   629 | D        | Noticed a yak
   629 | D        | Noticed a two-headed ogre
   629 | D        | Noticed a kobold demonologist
   629 | D        | Noticed a steam dragon
   629 | D        | Noticed a centaur
   637 | D        | Slain by a wyvern

Illustrated notes

Levels and vault maps discovered:
D:        linesprint [early_d, line_temple, items_1, d_10, items_2, lair_1,
          lair_end, items_3, orc_1, orc_end, items_4, d_15, swamp_1, shoals_1,
          snake_1, spider_1, d_20, vaults_1, items_5, swamp_end, shoals_end,
          snake_end, spider_end, vaults_end, d_27, items_6, zot_1, zot_end,
          crypt_end, forest_end, elf_end, slime_end, tomb_end, abyss_end,
          pan_hell_end]

Skill      XL: |  1  2  3  4 |
---------------+-------------+-----
Conjurations   | 2 4 5 |  5.1
Earth Magic    | 5 7 8 |  8.3
Spellcasting   | 4 6 7 |  7.0
Dodging        | |  2.4
Stealth        | |  2.4
Transmutations | |  1.1

Action                     |  1- 3 |  4- 6 || total
---------------------------+-------+-------++-------
  Melee: Unarmed           |     1 |       ||     1
         Rapier            |       |     7 ||     7
   Cast: Sandblast         |    12 |     5 ||    17
    Use: Potion            |     1 |     3 ||     4
 Armour: Robe              |     5 |       ||     5
  Dodge: Dodged            |     8 |    11 ||    19
